 Dungeon Crawl Stone Soup version 0.32-a0-841-g4648e6c457 (webtiles) character file.

Game seed: 3832220202851395627

48002 inmateoo the Spear-Bearer (level 14, -9/101 HPs)
             Began as a Coglin Gladiator on Mar 26, 2024.
             Was a High Priest of Hepliaklqana.
             Mangled by a catoblepas (23 damage)
             ... on level 5 of the Lair of Beasts.
             The game lasted 00:17:52 (20656 turns).

inmateoo the Spear-Bearer (Coglin Gladiator)       Turns: 20656, Time: 00:17:53

Health: -9/101     AC: 28    Str: 23    XL:     14   Next: 44%
Magic:  18/18      EV:  7    Int: 10    God:    Hepliaklqana [*****.]
Gold:   1243       SH:  0    Dex: 16    Spells: 13/13 levels left

rFire   . . .        a - +1 trident (flame) {Nefertari}
rCold   + . .        H - +9 short sword "Cuvag" {freeze, rCorr Str+3 Int+3 Stlth-}
rNeg    . . .        q - +1 crystal plate armour
rPois   +            h - +1 helmet {SInv}
rElec   +            A - +0 cloak
rCorr   +            y - +0 pair of gloves
SInv    +            p - +0 pair of boots
Will    +....        (amulet unavailable) Stlth
                     (ring unavailable)
HPRegen 0.36/turn    (ring unavailable)
MPRegen 0.16/turn    L - neodymium encabulator {AutoDazzle, rPois rC+ rCorr}

%: no passive effects
@: revved
A: reduced essence, off-hand wielding, slow wielding, warmup strikes, no
jewellery, electricity resistance
a: Renounce Religion, Recall Ancestor, Ancestor Identity, Transference, Idealise


You were on level 5 of the Lair of Beasts.
You worshipped Hepliaklqana.
Hepliaklqana was extremely pleased with you.
You visited 3 branches of the dungeon, and saw 18 of its levels.

You collected 1588 gold pieces.
You spent 345 gold pieces at shops.

Inventory:

Hand Weapons
 a - a +1 trident of flaming (weapon) {Nefertari}
 H - the +9 short sword "Cuvag" (offhand) {freeze, rCorr Str+3 Int+3 Stlth-}
   (You found it on level 11 of the Dungeon)

   Str+3:     It affects your strength (+3).
   Int+3:     It affects your intelligence (+3).
   rCorr:     It protects you from acid and corrosion.
   Stlth-:    It makes you less stealthy.
Missiles
 d - 6 throwing nets (quivered)
 e - 6 javelins
Armour
 h - a +1 helmet of see invisible (worn)
 j - the +0 pair of gloves of Defiance {-Tele rCorr MP+9}
   (You found it on level 5 of the Dungeon)

   MP+9:      It affects your magic capacity (+9).
   -Tele:     It prevents most forms of teleportation.
   rCorr:     It protects you from acid and corrosion.
 p - a +0 pair of boots (worn)
 q - a +1 crystal plate armour (worn)
 y - a +0 pair of gloves (worn)
 A - a +0 cloak (worn)
Gizmo
 L - a neodymium encabulator (installed) {AutoDazzle, rPois rC+ rCorr}
   (You invented it yourself on level 4 of the Lair of Beasts)

   [neodymium encabulator]

   AutoDazzle: It sometimes fires a blinding ray at enemies whose attacks you
   dodge.
   rC+:       It protects you from cold.
   rPois:     It protects you from poison.
   rCorr:     It protects you from acid and corrosion.
Wands
 s - a wand of mindburst (20)
 u - a wand of digging (5)
 w - a wand of flame (27)
 B - a wand of warping (5)
 D - a wand of light (9)
 G - a wand of polymorph (6)
Scrolls
 f - a scroll of revelation
 i - 3 scrolls of fear
 k - 8 scrolls of identify
 l - 8 scrolls of blinking
 r - 2 scrolls of fog
 v - 3 scrolls of poison
 x - 2 scrolls of noise
 z - 2 scrolls of teleportation
 J - a scroll of brand weapon
Potions
 b - a potion of ambrosia
 g - a potion of cancellation
 m - 4 potions of mutation
 n - 9 potions of curing
 o - 4 potions of might
 t - 2 potions of brilliance
 C - 2 potions of heal wounds
 E - 2 potions of attraction
 F - 2 potions of resistance
 K - a potion of enlightenment
Miscellaneous
 c - a tin of tremorstones (2/2)
 I - a phial of floods


   Skills:
 + Level 11.0 Fighting
 * Level 14.1 Polearms
 - Level 1.7 Throwing
 + Level 9.9 Armour
 + Level 10.1 Dodging
 + Level 6.4 Invocations


You had 13 spell levels left.
You didn't know any spells.
Your spell library contained the following spells:

 Spells                   Type           Power      Damage    Failure   Level
 Sting                    Conj/Alch      0%         1d3       100%        1
 Cigotuvi's Dreadful Rot  Necr/Alch/Air  0%         N/A       100%        2
 Mercury Vapours          Alch/Air       0%         N/A       100%        2
 Frozen Ramparts          Ice            0%         1d1       100%        3
 Inner Flame              Hex/Fire       0%         N/A       100%        3
 Ozocubu's Armour         Ice            0%         N/A       100%        3
 Summon Ice Beast         Ice/Summ       0%         N/A       100%        3
 Tukima's Dance           Hex            0%         N/A       100%        3
 Animate Dead             Necr           0%         N/A       100%        4
 Ignite Poison            Fire/Alch      0%         N/A       100%        4
 Leda's Liquefaction      Alch/Erth      0%         N/A       100%        4
 Olgreb's Toxic Radiance  Alch           0%         N/A       100%        4
 Passage of Golubria      Tloc           0%         N/A       100%        4
 Sticky Flame             Fire/Alch      0%         2d4       100%        4
 Freezing Cloud           Conj/Ice/Air   0%         6-21      100%        5
 Irradiate                Conj/Alch      0%         3d11      100%        5
 Lee's Rapid Deconstruct  Erth           0%         3d4*      100%        5
 Metabolic Englaciation   Hex/Ice        0%         N/A       100%        5
 Summon Mana Viper        Hex/Summ       0%         N/A       100%        5
 Yara's Violent Unravell  Hex/Alch       0%         3d3       100%        5
 Permafrost Eruption      Ice/Erth       0%         2x4d2     100%        6
 Haunt                    Necr/Summ      0%         N/A       100%        7
 Monstrous Menagerie      Summ           0%         N/A       100%        7
 Ignition                 Fire           0%         3d3       100%        8
 Infestation              Necr           0%         N/A       100%        8


Dungeon Overview and Level Annotations

Branches:
Dungeon (12/15)            Temple (1/1) D:7            Lair (5/5) D:8
 Shoals (0/4) Lair:2        Snake (0/4) Lair:3        Slime (0/5) Lair:5
    Orc (0/2) D:12

Altars:
Ashenzari
Cheibriados
Dithmenos
Elyvilon
Fedhas
Gozag
Hepliaklqana
Kikubaaqudgha
Makhleb
Nemelex Xobeh
Okawaru
Qazlal
Ru
Sif Muna
Trog
Uskayaw
Vehumet
Wu Jian
Xom
Yredelemnul
Zin
The Shining One
Jiyva

Shops:
D:4 *   D:8 *


Innate Abilities, Weirdness & Mutations

Your life essence is reduced to manifest your ancestor. (-10% HP)
You can wield a second weapon in your off-hand.
It takes a long time for you to wield or remove held weapons.
Your first few attacks do less damage.
You cannot equip rings or amulets.
You are resistant to electric shocks. (rElec)


Message History

You burn the catoblepas.
The catoblepas is moderately wounded.
You hit the catoblepas but do no damage.
You hit the catoblepas but do no damage.
The catoblepas is lightly wounded.
You hit the catoblepas but do no damage.
The catoblepas gores you but does no damage.
You hit the catoblepas but do no damage.
The catoblepas is lightly wounded.
You hit the catoblepas but do no damage.
You puncture the catoblepas with your +1 trident of flaming!
You burn the catoblepas.
The catoblepas is moderately wounded.
You hit the catoblepas with the +9 short sword "Cuvag".
You freeze the catoblepas. The catoblepas closely misses you.
The death yak gores you!
You hit the catoblepas but do no damage.
The catoblepas is heavily wounded.
You hit the catoblepas with your +1 trident of flaming.
You burn the catoblepas. The death yak gores you! The catoblepas gores you!
You puncture the catoblepas with the +9 short sword "Cuvag"!
You freeze the catoblepas.
The catoblepas is severely wounded.
You hit the catoblepas with your +1 trident of flaming.
You burn the catoblepas.
A nearby plant withers and dies.
The death yak is no longer petrified.
The death yak gores you but does no damage.
The catoblepas gores you!
You completely miss the catoblepas with your +1 trident of flaming.
The catoblepas is severely wounded.
You hit the catoblepas but do no damage.
The death yak gores you!
* * * LOW HITPOINT WARNING * * *
The catoblepas gores you!
* * * LOW HITPOINT WARNING * * *
The death yak attacks as it pursues you!
The death yak gores you but does no damage.
The catoblepas gores you!!
You die...
Hepliaklqana delivers you to your ancestors.

###### ##P...#######
### ##..P.......P##
###..##Y@..P.....÷.P##
#..P.Y.Y#######......##
##...Y### ###.....#
#P...§ ###...## ##..÷..
###†.## #.#.... ##†.#
#.##...# #.P. #. #...
##.. #. .÷.. #..


You could see 3 death yaks and a catoblepas.

Vanquished Creatures
  Harold (D:10)
  2 hydras
  2 two-headed ogres
  A boulder beetle (Lair:3)
  4 death yaks
  Nergalle (D:11)
  A skyshark (Lair:3)
  4 skeletal warriors
  Lodul (D:11)
  An ugly thing (D:12)
  10 elephants
  Maurice (D:7)
  A rust devil (D:11)
  A water nymph (Lair:2)
  5 black mambas
  5 cane toads
  2 gargoyles
  5 rime drakes
  2 kobold demonologists
  5 komodo dragons
  An ice devil (D:11)
  2 polar bears
  A troll (D:11)
  2 hornets
  7 dream sheep (Lair:4)
  7 blink frogs
  5 slime creatures (D:8)
  A wyvern (Lair:1)
  A vampire (D:11)
  57 yaks
  A basilisk (Lair:4)
  2 neqoxecs (D:11)
  3 steam dragons
  Edmund (D:6)
  A chaos spawn (D:11)
  4 nagas (Lair:3)
  8 water moccasins
  An acid dragon (D:11)
  2 ice beasts
  5 black bears
  4 orc warriors
  11 wolves
  7 ogres
  2 phantoms
  4 centaurs
  3 kobold brigands
  8 bullfrogs
  A scorpion (Lair:1)
  3 killer bees (D:7)
  8 howler monkeys
  2 electric eels (Lair:4)
  4 hounds
  5 orc priests
  3 jellies
  A gnoll bouda (D:6)
  3 sleepcaps
  7 orc wizards
  8 gnolls
  8 adders
  2 shadow imps
  2 white imps
  4 ufetubi
  2 dart slugs (D:1)
  2 ribbon worms
  29 orcs
  14 endoplasms
  6 giant cockroaches
  5 goblins
  7 hobgoblins
  17 kobolds
  10 quokkas
  7 ball pythons
  6 bats
  4 frilled lizards (D:1)
  3 rats (D:1)
379 creatures vanquished.

Vanquished Creatures (collateral kills)
  A boulder beetle (D:12)
  A skeletal warrior (D:12)
  A manticore (D:12)
  3 elephants
  2 cane toads
  A kobold demonologist (D:11)
  A komodo dragon (Lair:1)
  A blink frog (Lair:4)
  2 wyverns
  12 yaks
  A water moccasin (Lair:2)
  An ogre (D:11)
  3 wolves
  A bullfrog (Lair:3)
  A howler monkey (D:11)
  An orc (D:9)
  An endoplasm (Lair:5)
  3 kobolds
37 creatures vanquished.

Vanquished Creatures (others)
  9 knights
  4 ancestors
13 creatures vanquished.

Grand Total: 429 creatures vanquished

Notes
Turn   | Place    | Note
-------+----------+-------------------------------------------
     0 | D:1      | inmateoo the Coglin Gladiator began the quest for the Orb.
     0 | D:1      | Reached XP level 1. HP: 16/16 MP: 1/1
   113 | D:1      | Reached XP level 2. HP: 22/22 MP: 2/2
   152 | D:1      | Reached skill level 3 in Polearms
   399 | D:1      | Reached XP level 3. HP: 27/27 MP: 3/3
   677 | D:1      | Reached skill level 1 in Armour
   971 | D:2      | Reached XP level 4. HP: 34/34 MP: 4/4
  2198 | D:3      | Reached XP level 5. HP: 40/40 MP: 5/5
  2382 | D:3      | Noticed an ice beast
  2409 | D:4      | Noticed a kobold brigand
  2415 | D:4      | Killed a kobold brigand
  2416 | D:4      | Reached skill level 4 in Polearms
  2495 | D:4      | Found Plog's General Store.
  2510 | D:4      | Bought a scroll of fog for 40 gold pieces
  2510 | D:4      | Bought a scroll of blinking for 75 gold pieces
  2510 | D:4      | Bought a scroll of identify for 20 gold pieces
  2751 | D:4      | Reached XP level 6. HP: 47/47 MP: 6/6
  3004 | D:3      | Found an ornate altar of the Wu Jian Council.
  3106 | D:3      | Killed an ice beast
  3208 | D:5      | Entered Level 5 of the Dungeon
  3251 | D:5      | Noticed an ice beast
  3259 | D:5      | Killed an ice beast
  3260 | D:5      | Reached XP level 7. HP: 30/52 MP: 7/7
  3467 | D:5      | Reached skill level 5 in Polearms
  4071 | D:5      | Identified the +0 pair of gloves of Defiance {-Tele rCorr
                  | MP+9}
  4248 | D:5      | Found a shimmering altar of Xom.
  4915 | D:6      | Noticed Edmund
  4923 | D:6      | Killed Edmund
  4924 | D:6      | Reached XP level 8. HP: 51/61 MP: 8/8
  5102 | D:6      | Reached skill level 6 in Polearms
  5533 | D:7      | Found a staircase to the Ecumenical Temple.
  5544 | Temple   | Entered the Ecumenical Temple
  5567 | Temple   | Became a worshipper of Hepliaklqana the Forgotten
  5725 | D:7      | Reached skill level 5 in Dodging
  6010 | D:7      | Reached skill level 5 in Fighting
  6023 | D:7      | Reached skill level 7 in Polearms
  6023 | D:7      | Reached XP level 9. HP: 18/68 MP: 9/9
  6617 | D:8      | Noticed Maurice
  6995 | D:7      | Reached skill level 8 in Polearms
  6995 | D:7      | Reached skill level 5 in Armour
  7153 | D:7      | Killed Maurice
  7158 | D:7      | Reached XP level 10. HP: 51/77 MP: 10/10
  7296 | D:8      | Found Hiunluk's Assorted Antiques.
  7304 | D:8      | Bought a scroll of blinking for 210 gold pieces
  7354 | D:8      | Found a staircase to the Lair.
  7513 | D:8      | Identified the +1 robe "Foraikuyr" {MP+9}
  7799 | D:9      | Noticed a gargoyle
  7822 | D:8      | Killed a gargoyle
  8014 | D:8      | Reached skill level 9 in Polearms
  8549 | D:9      | Noticed a two-headed ogre
  8555 | D:9      | Killed a two-headed ogre
  8617 | D:9      | Reached * piety under Hepliaklqana
  8699 | D:9      | Found a radiant altar of Vehumet.
  8699 | D:9      | Found a blossoming altar of Fedhas.
  8707 | D:9      | Found a shadowy altar of Dithmenos.
  8709 | D:9      | Found a bloodstained altar of Trog.
  8711 | D:9      | Found a shimmering blue altar of Sif Muna.
  9020 | D:8      | Reached skill level 10 in Polearms
  9020 | D:8      | Reached skill level 1 in Invocations
  9020 | D:8      | Reached XP level 11. HP: 75/75 MP: 11/11
  9546 | D:10     | Entered Level 10 of the Dungeon
  9580 | D:10     | Noticed Harold
  9596 | D:10     | Killed Harold
  9789 | D:10     | Noticed a sixfirhy
 10318 | D:10     | Found an iron altar of Okawaru.
 10550 | D:10     | Reached ** piety under Hepliaklqana
 10551 | D:10     | Remembered your ancestor Ceqoig as a knight
 10779 | D:11     | Identified the +9 short sword "Cuvag" {freeze, rCorr Str+3
                  | Int+3 Stlth-}
 10823 | D:11     | Gained mutation: You have a pair of small horns on your
                  | head. [a neqoxec]
 10836 | D:11     | Noticed a two-headed ogre
 11060 | D:11     | Killed a two-headed ogre
 11070 | D:11     | Noticed Lodul
 11076 | D:11     | Killed Lodul
 11082 | D:11     | Reached skill level 11 in Polearms
 11714 | D:11     | Reached XP level 12. HP: 73/84 MP: 14/14
 11888 | D:11     | Noticed a sun demon
 12632 | D:11     | Noticed Nergalle
 12675 | D:11     | Killed Nergalle
 12881 | D:11     | Gained mutation: Your magical capacity is low. (-10% MP) [a
                  | neqoxec]
 13512 | D:11     | Lost mutation: Your magical capacity is low. (-10% MP)
                  | [potion of mutation]
 13512 | D:11     | Lost mutation: You have a pair of small horns on your head.
                  | [potion of mutation]
 13512 | D:11     | Gained mutation: You are resistant to electric shocks.
                  | (rElec) [potion of mutation]
 13555 | D:12     | Noticed a boulder beetle
 13586 | D:12     | Killed a boulder beetle
 13772 | D:12     | Found a staircase to the Orcish Mines.
 14666 | D:12     | Reached skill level 12 in Polearms
 15143 | D:12     | Reached *** piety under Hepliaklqana
 15470 | Lair:1   | Entered Level 1 of the Lair of Beasts
 15795 | Lair:1   | Reached XP level 13. HP: 79/90 MP: 16/16
 16477 | Lair:2   | Reached **** piety under Hepliaklqana
 16497 | Lair:2   | Reached skill level 5 in Invocations
 16596 | Lair:2   | Reached skill level 10 in Fighting
 16694 | Lair:2   | Identified the +1 pair of boots of Poqu {*Corrode *Slow
                  | +Inv Str+5}
 16820 | Lair:2   | Reached skill level 13 in Polearms
 17547 | Lair:3   | Found a staircase to the Snake Pit.
 19031 | Lair:3   | Reached ***** piety under Hepliaklqana
 19100 | Lair:4   | Reached XP level 14. HP: 99/99 MP: 18/18
 19100 | Lair:4   | Acquired a neodymium encabulator {AutoDazzle, rPois rC+
                  | rCorr}
 19366 | Lair:4   | Reached skill level 10 in Dodging
 19756 | Lair:4   | Identified the +1 leather armour "Isumoler" {+Inv}
 19881 | Lair:4   | Reached skill level 14 in Polearms
 20222 | Lair:5   | Entered Level 5 of the Lair of Beasts
 20254 | Lair:5   | Found a viscous altar of Jiyva.
 20255 | Lair:5   | Found a staircase to the Slime Pits.
 20656 | Lair:5   | Mangled by a catoblepas

Illustrated notes

Levels and vault maps discovered:
D:1:      dpeg_arrival_orchard, layout_basic
D:2:      layout_basic, serial_park_tiny_pond, nicolae_half_adder
D:3:      layout_basic, pf_just_have_faith, serial_bayou, serial_bayou_pond_b,
          serial_bayou_pond_c, serial_bayou_crossing, serial_bayou_shore_b,
          serial_bayou_pond_d
D:4:      layout_loops_cross, serial_shops, nicolae_shop_just_a_little_nook
D:5:      layout_basic, mainiacjoe_overflow_chevrons
D:6:      layout_loops_corners, uniq_edmund
D:7:      layout_loops_cross, minmay_temple_entry_statues_pillars
D:8:      layout_rooms, lair_entry_dummy, serial_shops,
          nicolae_shop_tiny_waterfront, uniq_maurice
D:9:      layout_basic, chequers_temple_overflow_minitemple
D:10:     layout_gridville, okawaru_trees_2, uniq_harold
D:11:     layout_long_grid, nicolae_neqoxec_dot_bat, uniq_nergalle, uniq_lodul
D:12:     layout_loops_ring, orc_0_dummy
Temple:   minmay_temple_curvy_branch
Lair:1:   layout_roguey, grunt_forest_large_clearings, serial_bayou_shore_a,
          grunt_megastairs_1
Lair:2:   layout_roguey, nicolae_shoals_entry_flooding, grunt_megastairs_4
Lair:3:   layout_small_grid, minmay_snake_entry_guardpost_small,
          infiniplex_staircase_pool_2
Lair:4:   layout_long_grid, wad_woods_river_01, infiniplex_staircase_pool,
          lemuel_fruit_fields
Lair:5:   grunt_lair_end_beastmaster, layout_small_grid, slime_entry_2

Skill      XL: |  1  2  3  4  5  6  7  8  9 10 11 12 13 14 |
---------------+-------------------------------------------+-----
Polearms       | 3 4 5 7 8 10 11 12 13 14 | 14.1
Dodging        | 3 4 5 6 7 8 9 10 | 10.1
Armour         | 1 2 3 4 5 6 7 8 9 |  9.9
Fighting       | 3 4 5 6 7 8 9 10 11 | 11.0
Invocations    | 1 3 4 5 6 |  6.4
Throwing       | |  1.7

Action                     |  1- 3 |  4- 6 |  7- 9 | 10-12 | 13-15 || total
---------------------------+-------+-------+-------+-------+-------++-------
  Melee: Trident           |    67 |   106 |   266 |   592 |   474 ||  1505
         Dagger            |    53 |    71 |   226 |   355 |       ||   705
         Headbutt          |       |       |       |    43 |       ||    43
         Short sword       |       |       |       |   116 |   355 ||   471
 Invoke: Recall Ancestor   |       |       |       |     4 |     1 ||     5
         Ancestor Life: Kn |       |       |       |     1 |       ||     1
Ability: Invent Gizmo      |       |       |       |       |     1 ||     1
    Use: Scroll            |       |    10 |       |    16 |     1 ||    27
         Potion            |       |       |     1 |     3 |       ||     4
   Stab: Sleeping          |     2 |       |       |       |       ||     2
         Distracted        |       |     1 |       |     2 |     3 ||     6
         Petrifying        |       |       |       |       |     1 ||     1
 Armour: Leather armour    |    19 |    21 |       |       |       ||    40
         Crystal plate arm |       |    44 |   346 |   622 |   367 ||  1379
  Dodge: Dodged            |    31 |    16 |    52 |   139 |   103 ||   341

Table legend: (Time is in decaauts)
 A = Elapsed time spent in this place.
 B = Non-inter-level travel time spent in this place.
 C = Inter-level travel time spent in this place.
 D = Time resting spent in this place.
 E = Time spent auto-exploring this place.
 F = Levels seen in this place.
 G = Mean time per level.
                   A        B        C        D        E       F      G
               +--------+--------+--------+--------+--------+-----+--------+
         Total |  20553 |  19856 |    697 |   7570 |   9342 |  18 | 1141.8 |
       Dungeon |  15397 |  14926 |    471 |   6440 |   6330 |  12 | 1283.1 |
        Temple |     45 |      1 |     44 |      0 |      0 |   1 |   45.0 |
          Lair |   5110 |   4928 |    182 |   1130 |   3012 |   5 | 1022.0 |
               +--------+--------+--------+--------+--------+-----+--------+

Top non-repeatable levels by time:
    D:11: 2788 daAuts
    D:12: 1878 daAuts
     D:7: 1760 daAuts
     D:8: 1553 daAuts
  Lair:3: 1430 daAuts
     D:2: 1249 daAuts
  Lair:2: 1148 daAuts
     D:5: 1146 daAuts
  Lair:4: 1127 daAuts
     D:6: 1111 daAuts
     D:9: 1091 daAuts
  Lair:1: 985 daAuts
     D:1: 906 daAuts
    D:10: 837 daAuts
     D:4: 605 daAuts
